 Dungeon Crawl Stone Soup version 0.30.0-11-gf55b779eaf (webtiles) character file.

Game seed: 1527060016801470693

401 ProzacElf the Ruffian (level 6, -8/59 HPs)
             Began as a Troll Delver on May 16, 2023.
             Was a Follower of Qazlal.
             Mangled by Pikel
             ... wielding a +2 whip of electrocution
              (17 damage)
             ... on level 5 of the Dungeon on May 17, 2023.
             The game lasted 00:14:19 (3027 turns).

ProzacElf the Ruffian (Troll Delver)                Turns: 3027, Time: 00:14:20

Health: -8/59      AC:  5    Str: 23    XL:     6   Next: 54%
Magic:  0/7        EV:  9    Int:  6    God:    Qazlal [*.....]
Gold:   232        SH:  2    Dex: 11    Spells: 5/5 levels left

rFire   . .          .
                       - Unarmed
rCold   . . .        (no shield)
rNeg    . . .        a - +0 robe
rPois   .            (helmet restricted)
rElec   .            z - +0 cloak
rCorr   .            (gloves unavailable)
SInv    .            (boots unavailable)
Will    .....        l - amulet of guardian spirit
Stlth   ++           (no ring)
HPRegen 1.09/turn    (no ring)
MPRegen 0.10/turn

%: guardian spirit
@: hasted, very quick
A: large, unfitting armour, claws 3, regeneration 1, shaggy fur 1, tough skin 1
a: Renounce Religion


You were on level 5 of the Dungeon.
You worshipped Qazlal.
Qazlal was aware of your devotion.
You visited 1 branch of the dungeon, and saw 6 of its levels.

You collected 232 gold pieces.

Inventory:

Hand Weapons
 y - a +3 quarterstaff of chaos
Missiles
 h - 6 poisoned darts (quivered)
Armour
 a - a +0 robe (worn)
 z - a +0 cloak (worn)
Jewellery
 l - an amulet of guardian spirit (around neck)
Wands
 f - a wand of digging (3)
 r - a wand of mindburst (18)
Scrolls
 b - 3 scrolls of fog
 c - 4 scrolls of magic mapping
 i - 3 scrolls of teleportation {unknown}
 m - a scroll of brand weapon {unknown}
 n - 2 scrolls of immolation {unknown}
 p - a scroll of butterflies {unknown}
 s - 6 scrolls of identify {unknown}
 u - a scroll of enchant armour {unknown}
 x - a scroll of amnesia {unknown}
 C - a scroll of noise {unknown}
 D - a scroll of poison {unknown}
 E - 2 scrolls of fear
 G - a scroll of blinking {unknown}
Potions
 d - a potion of degeneration {unknown}
 e - 2 potions of haste
 g - a potion of resistance {unknown}
 j - 5 potions of curing {unknown}
 k - 4 potions of lignification {unknown}
 o - 2 potions of invisibility {unknown}
 q - a potion of mutation {unknown}
 t - a potion of berserk rage {unknown}
 v - a potion of brilliance {unknown}
 w - 2 potions of magic {unknown}
 A - a potion of flight {unknown}
 B - 2 potions of cancellation {unknown}
 F - a potion of ambrosia {unknown}


   Skills:
 - Level 2.4 Fighting
 - Level 1.5 Dodging
 - Level 3.0 Stealth
 + Level 5.3 Unarmed Combat
 + Level 3.6 Invocations


You had 5 spell levels left.
You didn't know any spells.
Your spell library contained the following spells:

 Spells                   Type           Power      Damage    Failure   Level
 Stone Arrow              Conj/Erth      0%         3d7       83%         3
 Animate Armour           Summ/Erth      0%         N/A       99%         4
 Lehudib's Crystal Spear  Conj/Erth      0%         10d2      100%        8


Dungeon Overview and Level Annotations

Branches:
Dungeon (6/15)
 Temple: D:4-7

Altars:
Qazlal
The Shining One

Shops:
D:1 =

Annotations:
D:5 2 runed translucent doors, Pikel; howech's ghost, novice MiGl


Innate Abilities, Weirdness & Mutations

You are too large for most types of armour.
You have claws for hands.
Your natural rate of healing is unusually fast.
You are covered in fur. (AC +1)
You have tough skin. (AC +1)


Message History

Ye kill tha gnoll!
Qazlal accepts yer kill.
Ye start restin'.
HP restored.
Health restored: 59 Ye regain'd 4 mp, an' now haf 6/7 mp.
Thar be a stone staircase leadin' down, spatt'red wit' blood 'ere.
MP restored: 7 Ye climb downwards.
Level annotation: Pikel Tha orc barely misses ye.
Tha gnoll closely misses ye.
Pikel waves his whip at ye.
Pikel hits ye wit' a +2 whip o' electrocution.
Ye be electrocuted!!
Tha gnoll hits ye from afar wit' a +0 halberd.
Pikel closely misses ye.
Tha orc hits ye but does nay damage.
Thar be a stone staircase leadin' up 'ere.
Ye take 21 damage, an' haf 38/59 hp.
MASSIVE DAMAGE!!
Ye now haf 4/7 mp.
Tha gnoll hits ye from afar wit' a +0 spear.
Tha orc hits ye but does nay damage.
Pikel closely misses ye.
Tha gnoll hits ye from afar wit' a +0 halberd.
Ye climb upwards.
Level annotation: 2 run'd translucent doors, howech's ghost, novice MiGl Thar be a stone staircase leadin' down, spatt'red wit' blood 'ere.
Ye take 2 damage, an' haf 36/59 hp.
Ye scratch Pikel but do nay damage.
Ye claw Pikel!
Pikel be moderately wounded.
Pikel hits ye wit' a +2 whip o' electrocution.
Ye be electrocuted!!
* * * LOW HITPOINT WARNIN'
* * * Tha orc hits ye but does nay damage.
Ye take 22 damage, an' haf 15/59 hp.
MASSIVE DAMAGE!!
Ye now haf 2/7 mp.
Ye be too injured ta fight recklessly!
Ye be too injured ta fight recklessly!
Ye feel yerself speed up.
Pikel hits ye wit' a +2 whip o' electrocution!
* * * LOW HITPOINT WARNIN'
* * * Ye be electrocuted!!
Ye die...

...###.....##..##....#
...........###..#...##
...#.......###.....##
...#.#.....##......####
...#.#.##.............#
.....#.....##.........#
#.>#..................#
#...............o.....##
.(#....###...##.@K.#...#
....##....##..>#...###)##
.#..##..................#
.#..####.####...........##
.#..# #...#####<..###...#
.##.######...............#
..#(..# #####...........#
...##.# #...........#
.#....# #...........#


You could see Pikel and an orc.

Vanquished Creatures
  4 lemures (D:5)
  A phantom (D:4)
  A scorpion (D:4)
  A jelly (D:5)
  A hound (D:5)
  Crazy Yiuf (D:2)
  Terence (D:2)
  Robin (D:2)
  2 gnolls
  4 adders
  An ufetubus (D:5)
  2 worms
  4 orcs
  5 ball pythons
  4 endoplasms
  6 giant cockroaches
  12 goblins
  8 hobgoblins
  7 quokkas
  3 bats
  2 frilled lizards (D:1)
  2 kobolds
  5 rats
78 creatures vanquished.

Notes
Turn   | Place    | Note
-------+----------+-------------------------------------------
     0 | D:5      | ProzacElf the Troll Delver began the quest for the Orb.
     0 | D:5      | Reached XP level 1. HP: 22/22 MP: 0/0
    16 | D:4      | Found a glowing golden altar of the Shining One.
    33 | D:4      | Found a stormy altar of Qazlal.
    41 | D:4      | Became a worshipper of Qazlal Stormbringer
   205 | D:2      | Noticed Robin
   219 | D:2      | Reached XP level 2. HP: 29/29 MP: 1/1
   551 | D:1      | Reached skill level 3 in Unarmed Combat
   614 | D:1      | Found Ulevvix's Jewellery Shop.
   676 | D:1      | Reached * piety under Qazlal
   725 | D:1      | Reached XP level 3. HP: 36/36 MP: 2/2
   860 | D:2      | Noticed Terence
   869 | D:2      | Killed Terence
   870 | D:2      | Reached skill level 1 in Invocations
   870 | D:2      | Reached XP level 4. HP: 36/44 MP: 3/3
  1059 | D:2      | Killed Robin
  1167 | D:2      | Reached skill level 4 in Unarmed Combat
  1201 | D:2      | Found a runed translucent door.
  1202 | D:2      | Noticed Crazy Yiuf
  1547 | D:2      | Killed Crazy Yiuf
  1548 | D:2      | Reached XP level 5. HP: 50/50 MP: 5/5
  1999 | D:4      | Noticed a phantom
  2006 | D:4      | Killed a phantom
  2007 | D:4      | Reached skill level 5 in Unarmed Combat
  2007 | D:4      | Reached XP level 6. HP: 56/59 MP: 7/7
  2058 | D:4      | Identified the +1 trident of Tumajoas {drain, Fragile rN+++
                  | Stlth+}
  2350 | D:4      | Identified the +5 ring mail of Jitweo {MP+9 SInv}
  2727 | D:5      | Found a large runed translucent door.
  2727 | D:5      | Found a large runed translucent door.
  2732 | D:5      | Noticed howech's ghost (novice MiGl)
  2921 | D:6      | Noticed Pikel
  3027 | D:5      | Mangled by Pikel

Illustrated notes

Levels and vault maps discovered:
D:1:      dpeg_arrival_simpleton_c, layout_rooms, serial_shops,
          nicolae_shop_back_alley_shop
D:2:      layout_loops_ring, uniq_crazy_yiuf_cottage, uniq_terence, uniq_robin
D:3:      layout_rooms, shapermc_ecumenical_altar_petra
D:4:      layout_rooms, mainiacjoe_overflow_cross_hatched,
          mainiacjoe_overflow_alcove_1, serial_curves, eino_curves_04,
          eino_curves_01, minivault_23, kennysheep_opposing_triangles
D:5:      layout_rooms, ebering_ghost_disaster_area
D:6:      layout_gridville, grunt_temple_overflow_open,
          minmay_temple_entry_stoned_glass, uniq_sigmund, uniq_pikel,
          uniq_maggie

Skill      XL: |  1  2  3  4  5 |
---------------+----------------+-----
Stealth        | 3 |  3.0
Unarmed Combat | 3 4 5 |  5.3
Invocations    | 1 2 3 |  3.6
Fighting       | |  2.4
Dodging        | |  1.5

Action                     |  1- 3 |  4- 6 || total
---------------------------+-------+-------++-------
  Melee: Unarmed           |    81 |   134 ||   215
         Punch             |       |     2 ||     2
    Use: Scroll            |     1 |       ||     1
         Potion            |       |     1 ||     1
   Stab: Sleeping          |     2 |       ||     2
 Armour: Robe              |    31 |    45 ||    76
  Dodge: Dodged            |    41 |    61 ||   102
  Block: Other             |       |     4 ||     4

Action                     |  1- 3 |  4- 6 || total
---------------------------+-------+-------++-------
  Melee: Unarmed           |    81 |   134 ||   215
         Punch             |       |     2 ||     2
    Use: Scroll            |     1 |       ||     1
         Potion            |       |     1 ||     1
   Stab: Sleeping          |     2 |       ||     2
 Armour: Robe              |    31 |    45 ||    76
  Dodge: Dodged            |    41 |    61 ||   102
  Block: Other             |       |     4 ||     4

Levels and vault maps discovered:
D:1:      dpeg_arrival_simpleton_c, layout_rooms, serial_shops,
          nicolae_shop_back_alley_shop
D:2:      layout_loops_ring, uniq_crazy_yiuf_cottage, uniq_terence, uniq_robin
D:3:      layout_rooms, shapermc_ecumenical_altar_petra
D:4:      layout_rooms, mainiacjoe_overflow_cross_hatched,
          mainiacjoe_overflow_alcove_1, serial_curves, eino_curves_04,
          eino_curves_01, minivault_23, kennysheep_opposing_triangles
D:5:      layout_rooms, ebering_ghost_disaster_area
D:6:      layout_gridville, grunt_temple_overflow_open,
          minmay_temple_entry_stoned_glass, uniq_sigmund, uniq_pikel,
          uniq_maggie
